 Dungeon Crawl Stone Soup version 0.17-a0-1403-g9df874c (webtiles) character file.

149 Fluffy the Slasher (level 5, 0/38 HPs)
             Began as a Demonspawn Gladiator on June 20, 2015.
             Slain by Grinder (4 damage)
             ... on level 4 of the Dungeon.
             The game lasted 00:04:53 (2713 turns).

Fluffy the Slasher (Demonspawn Gladiator)           Turns: 2713, Time: 00:04:53

Health: 0/38       AC: 10    Str: 21    XL:     5   Next: 9%
Magic:  5/5        EV: 14    Int: 10    God:
Gold:   209        SH:  0    Dex: 13    Spells: 0 memorised, 4 levels left

rFire  . . .     SeeInvis .     a - +0 long sword
rCold  . . .     Clarity  .     q - +0 ring mail
rNeg   . . .     SustAt   .     (no shield)
rPois  .         Gourm    .     c - +0 helmet
rElec  .         Spirit   .     (no cloak)
rCorr  .         Warding  .     (no gloves)
rMut   .         Stasis   .     (no boots)
MR     .....                    (no amulet)
Stlth  +.........               w - ring of flight
                                b - +2 ring of evasion

@: mighty, lethally poisoned (0 -> -3), not resistant to hostile enchantments,
very unstealthy
A: iridescent scales 1, powered by pain 1, rot immunity
a: Evoke Flight


You were on level 4 of the Dungeon.
You were not hungry.

You visited 1 branch of the dungeon, and saw 4 of its levels.

You collected 209 gold pieces.

Inventory:

Hand weapons
 a - a +0 long sword (weapon)
Missiles
 d - 3 throwing nets (quivered)
Armour
 c - a +0 helmet (worn)
 q - a +0 ring mail (worn)
Jewellery
 b - a +2 ring of evasion (left hand)
 o - an uncursed amulet of faith
 w - a ring of flight (right hand)
Scrolls
 h - a scroll of recharging {unknown}
 i - 3 scrolls of identify {unknown}
 j - a scroll of magic mapping {unknown}
 l - 5 scrolls of teleportation {unknown}
 p - 2 scrolls of remove curse {unknown}
 r - a scroll of blinking {unknown}
 u - a scroll of enchant weapon {unknown}
Potions
 g - 4 potions of curing {unknown}
 k - a potion of magic {unknown}
 m - 2 potions of heal wounds {unknown}
 t - 2 potions of haste {unknown}
 v - 2 potions of agility {unknown}
Comestibles
 e - 3 bread rations
 f - a slice of pizza
 n - 2 beef jerkies
 s - a chunk of flesh


   Skills:
 - Level 2.0 Fighting
 + Level 5.3 Long Blades
 - Level 1.7 Throwing
 - Level 2.6 Dodging


You had 4 spell levels left.
You didn't know any spells.

Dungeon Overview and Level Annotations

Branches:
Dungeon (4/15)
 Temple: D:4-7

Altars:
Zin

Annotations:
D:4 Grinder


Innate Abilities, Weirdness & Mutations

You are partially covered in iridescent scales (AC +4).
You sometimes gain a little power by taking damage.
You are immune to rotting.


Message History

Grinder gestures at you.
You suddenly lose the ability to move!
You feel sick. Grinder gestures at you.
You shrug off the repeated paralysis!
Grinder says, "At least Makhleb appreciates what I'm doing."
Grinder hits you but does no damage.
You can move again.
You slash Grinder!
Grinder is moderately wounded.
Grinder gestures at you. Pain shoots through your body!
* * * LOW HITPOINT WARNING * * *
Unknown command.
You slash Grinder!
Grinder is severely wounded.
Grinder hits you.
* * * LOW HITPOINT WARNING * * *
You writhe in agony.
You die...

#........# #........#
####........#
...........>.# ##
.###############.##..# #<
.......#.....:<#.##..####
.....#.......#.##..#...
#####..#######.#.##..#.##
......S5@........###.#.#
####..########.### #...#
#. ........#.###...## ..
.................# ##
..........#####..#
#########.# #..# #.# ##.#
..# .. #### #.


You could see Grinder and an adder.

Vanquished Creatures
  An iguana (D:4)
  4 adders
  An ooze (D:1)
  3 worms (D:2)
  3 giant geckos
  6 orcs (D:3)
  9 bats
  5 giant cockroaches
  11 goblins
  7 hobgoblins
  8 kobolds
  2 quokkas (D:3)
  3 giant newts
  4 rats
67 creatures vanquished.

Notes
Turn   | Place    | Note
--------------------------------------------------------------
     0 | D:1      | Fluffy the Demonspawn Gladiator began the quest for the Orb.
     0 | D:1      | Reached XP level 1. HP: 16/16 MP: 1/1
    76 | D:1      | Reached skill level 3 in Long Blades
   107 | D:1      | Gained mutation: You are immune to rotting. [demonic ancestry]
   107 | D:1      | Reached XP level 2. HP: 20/22 MP: 2/2
   648 | D:1      | Gained mutation: You sometimes gain a little power by taking damage. [demonic ancestry]
   648 | D:1      | Reached XP level 3. HP: 27/27 MP: 3/3
   961 | D:2      | Reached skill level 4 in Long Blades
  1643 | D:3      | Gained mutation: You are partially covered in iridescent scales (AC +4). [demonic ancestry]
  1643 | D:3      | Reached XP level 4. HP: 29/33 MP: 4/4
  2201 | D:3      | Found a glowing silver altar of Zin.
  2569 | D:4      | Reached skill level 5 in Long Blades
  2682 | D:4      | Reached XP level 5. HP: 38/38 MP: 5/5
  2700 | D:4      | Noticed Grinder
  2702 | D:4      | Paralysed by Grinder for 3 turns
  2709 | D:4      | Paralysed by Grinder for 3 turns
  2713 | D:4      | Slain by Grinder

Vault maps used:
D:1:      sevenhm_arrival_forest_fort_small_4
D:3:      zin_treasury, first_bread, minmay_strange_pillars, corexii_shack,
          nrook_mini_backslash
D:4:      wad_lake_hut, serial_shops, shop, kennysheep_cluttered_room,
          grunt_ministairs_4, uniq_eustachio, uniq_blork_the_orc, uniq_edmund,
          uniq_grinder

Action                   |  1- 3 |  4- 6 || total
-------------------------+-------+-------++-------
Melee: Long sword        |   138 |   122 ||   260
 Stab: Sleeping          |     1 |       ||     1
  Eat: Chunk             |     2 |     4 ||     6
